 Dungeon Crawl Stone Soup version 0.18.1-48-g4cf74bf (webtiles) character file.

46 alexandrvrp the Sneak (level 3, 0/18 HPs)
             Began as a Vine Stalker Enchanter on June 27, 2016.
             Succumbed to an adder's poison
             ... on level 2 of the Dungeon.
             The game lasted 00:04:07 (558 turns).

alexandrvrp the Sneak (Vine Stalker Enchanter)       Turns: 558, Time: 00:04:08

Health: 0/18       AC:  4    Str: 12    XL:     3   Next: 66%
Magic:  0/7        EV: 18    Int: 15    God:
Gold:   61         SH:  0    Dex: 20    Spells: 2 memorised, 4 levels left

rFire  . . .     SeeInvis .     a - +1 dagger
rCold  . . .     Gourm    .     b - +1 robe
rNeg   . . .     Faith    .     (no shield)
rPois  .         Spirit   +     (no helmet)
rElec  .         Dismiss  .     e - +0 cloak (curse)
rCorr  .         Reflect  .     (no gloves)
SustAt .         Harm     .     (no boots)
MR     .....                    (no amulet)
Stlth  ++++......               (no ring)
                                m - +2 ring of strength

@: agile, lethally poisoned (0 -> -9), very slightly contaminated, not resistant
to hostile enchantments, stealthy
A: fangs 2, regeneration 1, magic shield, antimagic bite, no device heal 3, rot
immunity
a: no special abilities


You were on level 2 of the Dungeon.
You were not hungry.

You visited 1 branch of the dungeon, and saw 2 of its levels.

You collected 61 gold pieces.

Inventory:

Hand Weapons
 a - a +1 dagger (weapon)
Armour
 b - a +1 robe (worn)
 e - a cursed +0 cloak (worn)
Jewellery
 m - a +2 ring of strength (left hand)
Scrolls
 g - a scroll of enchant weapon {unknown}
 h - a scroll of blinking {unknown}
 j - a scroll of remove curse {unknown}
 l - 2 scrolls of identify {unknown}
Potions
 i - a potion of agility
 n - a potion of heal wounds {unknown}
 p - a potion of mutation {unknown}
 q - a potion of curing {unknown}
 r - a potion of degeneration {unknown}
Books
 c - a book of Maledictions

   Spells                             Type                      Level
   a - Corona                         Hexes                        1
   b - Ensorcelled Hibernation        Hexes/Ice                    2
   c - Confuse                        Hexes                        3
   d - Tukima's Dance                 Hexes                        3
   e - Dazzling Spray                 Conjuration/Hexes            3
Comestibles
 d - a bread ration
 f - a slice of pizza
 k - a meat ration
 o - 4 chunks of flesh


   Skills:
 * Level 1.4 Fighting
 * Level 1.0 Short Blades
 + Level 0.4 Armour
 * Level 1.9 Dodging
 + Level 3.8 Stealth
 * Level 2.5 Spellcasting
 * Level 3.2 Hexes


You had 4 spell levels left.
You knew the following spells:

 Your Spells              Type           Power        Failure   Level  Hunger
a - Corona                Hex            ##.....      8%          1    #......
b - Ensorcelled Hibernat  Hex/Ice        #.....       17%         2    ###....


Dungeon Overview and Level Annotations

Branches:
Dungeon (2/15)

Altars:


Innate Abilities, Weirdness & Mutations

You have extremely sharp teeth.
Your natural rate of healing is unusually fast.
When hurt, damage is shared between your health and your magic reserves.
Your bite disrupts and absorbs the magic of your enemies.
Potions and wands cannot restore your health.
You are immune to rotting.


Message History

You miscast Ensorcelled Hibernation.
You are very lightly contaminated with residual magic.
You feel a strange surge of energy!
You feel sick. The adder bites you.
* * * LOW HITPOINT WARNING * * *
The adder bites you.
* * * LOW HITPOINT WARNING * * *
You are more poisoned.
The adder poisons you!
Drink which item? (? for menu, Esc to quit)
It was a potion of agility.
You feel agile all of a sudden.
* * * LOW HITPOINT WARNING * * *
You feel sick. The adder misses you.
You hit the adder but do no damage.
The adder is severely wounded.
* * * LOW HITPOINT WARNING * * *
You feel sick. The adder barely misses you.
You hit the adder.
You kill the adder!
You die...

.# ####.## #.....#
#..... #..#.# ######
#..#.#
##.....###....#
#.......#@..<.######
...)<..g†#..........
.8.....8.##..#######
.........###.#
...8.8...# #.#
.........# #.#
.8.....8.# #.###
....>....# #.#.##
#.......##
#..#.#####.#


You could see a goblin.

Vanquished Creatures
  3 adders (D:2)
  A giant gecko (D:1)
  A bat (D:2)
  3 giant cockroaches
  A goblin (D:1)
  2 hobgoblins (D:1)
  4 jackals (D:1)
  A ball python (D:1)
  A rat (D:1)
17 creatures vanquished.

Notes
Turn   | Place    | Note
--------------------------------------------------------------
     0 | D:1      | alexandrvrp the Vine Stalker Enchanter began the quest for the Orb.
     0 | D:1      | Reached XP level 1. HP: 9/9 MP: 4/4
   186 | D:1      | Reached skill level 1 in Short Blades
   186 | D:1      | Reached XP level 2. HP: 10/14 MP: 4/6
   190 | D:1      | Learned a level 2 spell: Ensorcelled Hibernation
   386 | D:1      | Reached skill level 1 in Fighting
   475 | D:2      | Reached XP level 3. HP: 18/18 MP: 7/7
   558 | D:2      | Succumbed to an adder's poison

Skill      XL: |  1  2 |
---------------+-------+-----
Short Blades   | 1 |  1.0
Fighting       | 1 |  1.4
Armour         | |  0.4
Dodging        | |  1.9
Stealth        | |  3.8
Spellcasting   | |  2.5
Hexes          | |  3.2

Action                   || total
-------------------------++-------
Melee: Dagger            ||    83
       Bite              ||    13
 Cast: Corona            ||     1
       Ensorcelled Hiber ||     2
  Use: Potion            ||     1
 Stab: Sleeping          ||     3
Armor: Robe              ||    31
Dodge: Dodged            ||    56
